SA
WASHINGTON GENERALS @ ALAMEDA AIRMEN
07/29/2037
 
TOP OF THE 1ST
Washington Generals batting - Pitching for Alameda Airmen : RHP Jaime Rúbio
Pitching: RHP Jaime Rúbio
Batting: RHB Bartolo Álvarez 0-0: Called Strike
0-1: Foul Ball, location: 2F
0-2: Ball
1-2: Foul Ball, location: 2F
1-2: Ball
2-2: Ball
3-2: Base on Balls
Batting: LHB Bill Butler 0-0: Ball
1-0: Called Strike
1-1: Ball
2-1: Called Strike
2-2: Foul Ball, location: 2F
2-2: Fly out, F7 (Flyball, 78S, EV 90.6 MPH)
Batting: RHB Francisco Alhama 0-0: Ball
Bartolo Álvarez steals 2nd base
1-0: Foul Ball, location: 2F
1-1: Swinging Strike
1-2: Fly out, F6 (Popup, 4MD, EV 75.0 MPH)
Batting: LHB Alex Avery 0-0: Called Strike
0-1: Called Strike
0-2: Ball
1-2: Strikes out swinging, 2-3 out at first.
Top of the 1st over - 0 runs, 0 hits, 0 errors, 1 left on base; Washington 0 - Alameda 0
BOTTOM OF THE 1ST
Alameda Airmen batting - Pitching for Washington Generals : LHP César Hernández
Pitching: LHP César Hernández
Batting: RHB Tom Taylor 0-0: Ball
1-0: Fly out, F7 (Flyball, 78M, EV 92.5 MPH)
Batting: RHB Michael Hughes 0-0: Ball
1-0: Called Strike
1-1: Ball
2-1: Foul Ball, location: 2F
2-2: Ball
3-2: Base on Balls
Batting: RHB Tokaji Heida 0-0: Called Strike
0-1: Swinging Strike
0-2: Fly out, F8 (Flyball, 8LD, EV 103.1 MPH)
Batting: RHB Sebastian Franke 0-0: Called Strike
0-1: Ball
1-1: Fly out, F7 (Line Drive, 7LM, EV 92.5 MPH)
Bottom of the 1st over - 0 runs, 0 hits, 0 errors, 1 left on base; Washington 0 - Alameda 0
TOP OF THE 2ND
Washington Generals batting - Pitching for Alameda Airmen : RHP Jaime Rúbio
Batting: RHB Nick Harper 0-0: Called Strike
0-1: Ground out 5-3 (Groundball, 5, EV 106.2 MPH)
Batting: SHB Mark Boyle 0-0: Called Strike
0-1: Swinging Strike
0-2: Strikes out swinging
Batting: RHB Layton Arntsen 0-0: Ball
1-0: Foul Ball, location: 2F
1-1: Swinging Strike
1-2: Ball
2-2: Ball
3-2: Strikes out swinging
Top of the 2nd over - 0 runs, 0 hits, 0 errors, 0 left on base; Washington 0 - Alameda 0
BOTTOM OF THE 2ND
Alameda Airmen batting - Pitching for Washington Generals : LHP César Hernández
Batting: RHB Johnny Jones 0-0: Ball
1-0: Ball
2-0: Swinging Strike
2-1: Foul Ball, location: 2F
2-2: Ball
3-2: Base on Balls
Batting: LHB Jesús Leoz 0-0: Ball
1-0: Called Strike
1-1: Called Strike
1-2: Ball
2-2: Foul Ball, location: 2F
2-2: Foul Ball, location: 2F
2-2: DOUBLE (Line Drive, 78D, EV 107.5 MPH)
Johnny Jones to third
Batting: RHB Pablo Pagán 0-0: Called Strike
0-1: Ball
1-1: Called Strike
1-2: Foul Ball, location: 2F
1-2: Ball
Wild Pitch!
Johnny Jones scores
Jesús Leoz to third
2-2: Ball
Wild Pitch!
Jesús Leoz scores
3-2: Foul Ball, location: 2F
3-2: Foul Ball, location: 2F
3-2: Base on Balls
Batting: LHB Flint Myers 0-0: Ball
1-0: Ball
2-0: Ball
3-0: Called Strike
3-1: DOUBLE (Groundball, 3L, EV 103.1 MPH)
Pablo Pagán to third
Runner from 3rd tries for Home, SAFE, throw by RF to trailing runner, SAFE at third!
Batting: RHB Bernardo Hernández 0-0: Fly out, F8 (Flyball, 78D, EV 106.2 MPH)
Runner from 3rd tags up, SCORES, throw by CF
Batting: RHB Tom Taylor 0-0: Called Strike
0-1: Ball
1-1: Fly out, F7 (Flyball, 7, EV 78.1 MPH)
Batting: RHB Michael Hughes 0-0: Ball
1-0: Ball
2-0: Foul Ball, location: 2F
2-1: Called Strike
2-2: SINGLE (Line Drive, 8LS, EV 106.9 MPH)
Batting: RHB Tokaji Heida 0-0: Fly out, F8 (Line Drive, 8RD, EV 97.5 MPH)
Bottom of the 2nd over - 4 runs, 3 hits, 0 errors, 1 left on base; Washington 0 - Alameda 4
TOP OF THE 3RD
Washington Generals batting - Pitching for Alameda Airmen : RHP Jaime Rúbio
Batting: SHB Jake Pinto 0-0: Fly out, F8 (Flyball, 8LD, EV 100.0 MPH)
Batting: RHB Curt Cote 0-0: Ball
1-0: Ball
2-0: Called Strike
2-1: Ground out 4-3 (Groundball, 4, EV 82.5 MPH)
Batting: RHB Bartolo Álvarez 0-0: Called Strike
0-1: Ball
1-1: Ball
2-1: Foul Ball, location: 2F
2-2: SINGLE (Groundball, 56S, EV 76.9 MPH) (infield hit)
Batting: LHB Bill Butler 0-0: Fielders Choice at 2nd, 6-4 (Groundball, 6, EV 103.1 MPH)
Top of the 3rd over - 0 runs, 1 hit, 0 errors, 1 left on base; Washington 0 - Alameda 4
BOTTOM OF THE 3RD
Alameda Airmen batting - Pitching for Washington Generals : LHP César Hernández
Batting: RHB Sebastian Franke 0-0: SINGLE (Line Drive, 4MD, EV 105.6 MPH)
Batting: RHB Johnny Jones 0-0: Ball
1-0: Ball
2-0: SINGLE (Groundball, 6MD, EV 105.0 MPH)
Sebastian Franke to second
Runner from 2nd tries for 3rd, SAFE, throw by CF made to third
Batting: LHB Jesús Leoz 0-0: Ball
1-0: Called Strike
1-1: Foul Ball, location: 2F
1-2: Strikes out looking
Batting: RHB Pablo Pagán 0-0: Foul Ball, location: 2F
0-1: Ball
1-1: Ball
2-1: Foul Ball, location: 2F
2-2: Ball
3-2: Foul Ball, location: 2F
3-2: Reached on error, E6 (Groundball, 6, EV 83.8 MPH)
Sebastian Franke scores
Johnny Jones to second
Batting: LHB Flint Myers 0-0: Ball
1-0: 3-RUN HOME RUN (Flyball, 9D, EV 110.0 MPH), Distance : 338 ft
Pitching: RHP Mario Martínez
Batting: RHB Bernardo Hernández 0-0: Called Strike
0-1: Swinging Strike
0-2: Ball
1-2: Ball
2-2: Strikes out looking
Batting: RHB Tom Taylor 0-0: Swinging Strike
0-1: Swinging Strike
0-2: Ball
1-2: Ground out 6-3 (Groundball, 6, EV 90.6 MPH)
Bottom of the 3rd over - 4 runs, 3 hits, 1 error, 0 left on base; Washington 0 - Alameda 8
TOP OF THE 4TH
Washington Generals batting - Pitching for Alameda Airmen : RHP Jaime Rúbio
Batting: RHB Francisco Alhama 0-0: DOUBLE (Line Drive, 7LM, EV 108.8 MPH)
Batting: LHB Alex Avery 0-0: Called Strike
0-1: Called Strike
0-2: Ground out 4-3 (Groundball, 4, EV 98.8 MPH)
Francisco Alhama to third
Batting: RHB Nick Harper 0-0: Called Strike
0-1: Ball
1-1: Foul Ball, location: 2F
1-2: Foul Ball, location: 2F
1-2: Strikes out looking
Batting: SHB Mark Boyle 0-0: Called Strike
0-1: Fly out, F9 (Flyball, 89S, EV 83.1 MPH)
Top of the 4th over - 0 runs, 1 hit, 0 errors, 1 left on base; Washington 0 - Alameda 8
BOTTOM OF THE 4TH
Alameda Airmen batting - Pitching for Washington Generals : RHP Mario Martínez
Batting: RHB Michael Hughes 0-0: Foul Ball, location: 2F
0-1: Hit by Pitch
Batting: RHB Tokaji Heida 0-0: Called Strike
0-1: Ball
1-1: Grounds into double play, 3-6-3 (Groundball, 34, EV 101.9 MPH)
Batting: RHB Sebastian Franke 0-0: Foul Ball, location: 2F
0-1: Ground out 5-3 (Groundball, 56S, EV 94.4 MPH)
Bottom of the 4th over - 0 runs, 0 hits, 0 errors, 0 left on base; Washington 0 - Alameda 8
TOP OF THE 5TH
Washington Generals batting - Pitching for Alameda Airmen : RHP Jaime Rúbio
Batting: RHB Layton Arntsen 0-0: Ball
1-0: DOUBLE (Line Drive, 7LS, EV 107.5 MPH)
Batting: SHB Jake Pinto 0-0: Ball
1-0: Swinging Strike
1-1: Ground out 5-3 (Groundball, 56, EV 80.6 MPH)
Batting: RHB Curt Cote 0-0: Ground out 6-3 (Groundball, 6, EV 83.1 MPH)
Batting: RHB Bartolo Álvarez 0-0: Called Strike
0-1: Ground out 6-3 (Groundball, 56D, EV 102.5 MPH)
Top of the 5th over - 0 runs, 1 hit, 0 errors, 1 left on base; Washington 0 - Alameda 8
BOTTOM OF THE 5TH
Alameda Airmen batting - Pitching for Washington Generals : RHP Mario Martínez
Batting: RHB Johnny Jones 0-0: Ball
1-0: Swinging Strike
1-1: Swinging Strike
1-2: Foul Ball, location: 2F
1-2: Ball
2-2: Fly out, F8 (Flyball, 8LS, EV 87.5 MPH)
Batting: LHB Jesús Leoz 0-0: Called Strike
0-1: Foul Ball, location: 2F
0-2: Fly out, F7 (Flyball, 78D, EV 96.2 MPH)
Batting: RHB Pablo Pagán 0-0: Called Strike
0-1: SINGLE (Groundball, 34S, EV 86.9 MPH) (infield hit)
Batting: LHB Flint Myers 0-0: Ball
1-0: Ball
2-0: Ball
3-0: Called Strike
3-1: Swinging Strike
3-2: Fly out, F8 (Flyball, 8RD, EV 106.9 MPH)
Bottom of the 5th over - 0 runs, 1 hit, 0 errors, 1 left on base; Washington 0 - Alameda 8
TOP OF THE 6TH
Washington Generals batting - Pitching for Alameda Airmen : RHP Jaime Rúbio
Batting: LHB Bill Butler 0-0: Swinging Strike
0-1: Ball
1-1: Swinging Strike
1-2: Ball
2-2: Strikes out looking
Batting: RHB Francisco Alhama 0-0: Called Strike
0-1: Ball
1-1: Ball
2-1: Fly out, F2 (Popup, 2RF, EV 81.9 MPH)
Batting: LHB Alex Avery 0-0: Ball
1-0: Ball
2-0: Called Strike
2-1: Ball
3-1: Foul Ball, location: 2F
3-2: Foul Ball, location: 2F
3-2: Base on Balls
Batting: RHB Nick Harper 0-0: Foul Ball, location: 2F
0-1: Ball
1-1: Foul Ball, location: 2F
1-2: Fielders Choice at 2nd, 5-4 (Groundball, 5, EV 86.2 MPH)
Top of the 6th over - 0 runs, 0 hits, 0 errors, 1 left on base; Washington 0 - Alameda 8
BOTTOM OF THE 6TH
Alameda Airmen batting - Pitching for Washington Generals : RHP Mario Martínez
Batting: RHB Bernardo Hernández 0-0: Called Strike
0-1: Ball
1-1: Ball
2-1: Ball
3-1: Base on Balls
Batting: RHB Tom Taylor 0-0: Called Strike
0-1: Ball
1-1: SINGLE (Groundball, 56, EV 104.4 MPH)
Bernardo Hernández to second
Batting: RHB Michael Hughes 0-0: Ball
1-0: SINGLE (Groundball, 56D, EV 104.4 MPH)
Bernardo Hernández to third
Tom Taylor to second
Batting: RHB Tokaji Heida 0-0: Fly out, F8 (Flyball, 89XD, EV 102.5 MPH)
Runner from 3rd tags up, SCORES, no throw by CF
Tom Taylor to third
Batting: RHB Sebastian Franke 0-0: Ball
1-0: Swinging Strike
1-1: Ball
2-1: Called Strike
2-2: Fly out, F8 (Flyball, 8LM, EV 92.5 MPH)
Runner from 3rd tags up, SCORES, throw by CF
Batting: RHB Johnny Jones 0-0: DOUBLE (Flyball, 8LXD, EV 101.9 MPH)
Michael Hughes to third
Batting: LHB Jesús Leoz 0-0: Called Strike
0-1: Ball
1-1: Fly out, F8 (Flyball, 8RS, EV 93.1 MPH)
Bottom of the 6th over - 2 runs, 3 hits, 0 errors, 2 left on base; Washington 0 - Alameda 10
TOP OF THE 7TH
Washington Generals batting - Pitching for Alameda Airmen : RHP Jaime Rúbio
Pinch Hitting: RHB Igme Padoga 0-0: Fly out, F3 (Popup, 3SF, EV 70.6 MPH)
Batting: RHB Layton Arntsen 0-0: Called Strike
0-1: Ground out 6-3 (Groundball, 6, EV 88.1 MPH)
Batting: SHB Jake Pinto 0-0: Called Strike
0-1: Ball
1-1: Swinging Strike
1-2: Foul Ball, location: 2F
1-2: Foul Ball, location: 2F
1-2: Ball
2-2: SINGLE (Line Drive, 9LM, EV 99.4 MPH)
Pitching: RHP Ryan Moreno
Batting: RHB Curt Cote 0-0: Ball
1-0: Ball
2-0: Ball
3-0: Called Strike
3-1: Base on Balls
Jake Pinto to second
Pinch Hitting: RHB Michael Ruscoe 0-0: Ball
1-0: Ball
2-0: Ball
3-0: Called Strike
3-1: Foul Ball, location: 2F
3-2: Foul Ball, location: 2F
3-2: Ground out 4-3 (Groundball, 34, EV 87.5 MPH)
Top of the 7th over - 0 runs, 1 hit, 0 errors, 2 left on base; Washington 0 - Alameda 10
BOTTOM OF THE 7TH
Alameda Airmen batting - Pitching for Washington Generals : RHP Mario Martínez
Now in LF: Michael Ruscoe
Now in CF: Igme Padoga
Batting: RHB Pablo Pagán 0-0: Ball
1-0: Ball
2-0: Called Strike
2-1: Ball
3-1: Base on Balls
Pitching: RHP Jason Long
Batting: LHB Flint Myers 0-0: Ball
1-0: DOUBLE (Flyball, 8RXD, EV 91.9 MPH)
Pablo Pagán to third
Pinch Hitting: RHB Evegnii Wolfson 0-0: Ball
1-0: SINGLE (Groundball, 34D, EV 95.0 MPH)
Pablo Pagán scores
Flint Myers to third
Runner from 3rd tries for Home, SAFE, no throw by RF
Batting: RHB Tom Taylor 0-0: Ball
1-0: Foul Ball, location: 2F
1-1: Ball
2-1: Swinging Strike
2-2: Fielders Choice at 2nd, 4-6 (Groundball, 4M, EV 103.1 MPH)
Now at 2B: Diederick de Nooyer
Batting: RHB Michael Hughes 0-0: Called Strike
0-1: Fielders Choice at 2nd, 6-4 (Groundball, 6, EV 93.1 MPH)
Batting: RHB Tokaji Heida 0-0: Called Strike
0-1: Foul Ball, location: 2F
0-2: Foul Ball, location: 2F
0-2: Ball
1-2: Ball
2-2: Foul Ball, location: 2F
2-2: Strikes out swinging
Bottom of the 7th over - 2 runs, 2 hits, 0 errors, 1 left on base; Washington 0 - Alameda 12
TOP OF THE 8TH
Washington Generals batting - Pitching for Alameda Airmen : RHP Ryan Moreno
Now at 3B: Evegnii Wolfson
Pinch Hitting: LHB Ezequiel Viana 0-0: DOUBLE (Line Drive, 9LS, EV 100.0 MPH)
Batting: RHB Francisco Alhama 0-0: Ball
1-0: Called Strike
1-1: Foul Ball, location: 2F
1-2: Ball
2-2: Ground out 6-3 (Groundball, 6, EV 79.4 MPH)
Pinch Hitting: RHB Zong-ming Tsui 0-0: Hit by Pitch
Batting: RHB Nick Harper 0-0: Swinging Strike
0-1: Called Strike
0-2: Foul Ball, location: 2F
0-2: Foul Ball, location: 2F
0-2: Ball
1-2: Foul Ball, location: 2F
1-2: Fly out, F7 (Flyball, 7D, EV 101.2 MPH)
Runner from 2nd tags up, SAFE at 3rd, no throw by LF
Batting: RHB Igme Padoga 0-0: Called Strike
0-1: Called Strike
0-2: Ball
1-2: DOUBLE (Line Drive, 5D, EV 95.0 MPH)
Ezequiel Viana scores
Zong-ming Tsui to third
Batting: RHB Layton Arntsen 0-0: Called Strike
0-1: Swinging Strike
0-2: Ball
1-2: Strikes out swinging
Top of the 8th over - 1 run, 2 hits, 0 errors, 2 left on base; Washington 1 - Alameda 12
BOTTOM OF THE 8TH
Alameda Airmen batting - Pitching for Washington Generals : RHP Jason Long
Now at 1B: Sherman Hoffman
Now in RF: Ezequiel Viana
Batting: RHB Sebastian Franke 0-0: Ball
1-0: Called Strike
1-1: Swinging Strike
1-2: Ball
2-2: Foul Ball, location: 2F
2-2: Strikes out looking
Batting: RHB Johnny Jones 0-0: Called Strike
0-1: Swinging Strike
0-2: Ball
1-2: Reached on error, E9 (Flyball, 9D, EV 80.0 MPH)
Batting: LHB Jesús Leoz 0-0: Called Strike
0-1: Ball
1-1: Ball
2-1: Fly out, F6 (Popup, 6, EV 61.2 MPH)
Batting: RHB Pablo Pagán 0-0: Called Strike
0-1: Swinging Strike
0-2: Ball
1-2: Ground out 1-3 (Groundball, P, EV 68.8 MPH)
Bottom of the 8th over - 0 runs, 0 hits, 1 error, 1 left on base; Washington 1 - Alameda 12
TOP OF THE 9TH
Washington Generals batting - Pitching for Alameda Airmen : RHP Ryan Moreno
Batting: RHB Diederick de Nooyer 0-0: Called Strike
0-1: Ball
1-1: Ground out 6-3 (Groundball, 6MS, EV 78.8 MPH)
Batting: RHB Curt Cote 0-0: Ball
1-0: Ball
2-0: Ball
3-0: Base on Balls
Batting: RHB Michael Ruscoe 0-0: Swinging Strike
0-1: Fly out, F8 (Flyball, 8RM, EV 85.6 MPH)
Batting: LHB Ezequiel Viana 0-0: Called Strike
0-1: Ball
1-1: Called Strike
1-2: SINGLE (Line Drive, 34D, EV 104.4 MPH)
Curt Cote to second
Batting: RHB Francisco Alhama 0-0: Ball
1-0: Ball
2-0: Fly out, F8 (Line Drive, 8LD, EV 97.5 MPH)
Top of the 9th over - 0 runs, 1 hit, 0 errors, 2 left on base; Washington 1 - Alameda 12
Thursday, January 23rd, 2020 - OOTP Baseball 20.8 Build 74